 Dungeon Crawl Stone Soup version 0.18.1-48-g4cf74bf (webtiles) character file.

97 tyranidshit the Skirmisher (level 4, -1/39 HPs)
             Began as a Demonspawn Abyssal Knight on Sept 7, 2016.
             Was a Believer of Lugonu.
             Slain by a hound (3 damage)
             ... on level 3 of the Dungeon.
             The game lasted 00:06:46 (1428 turns).

tyranidshit the Skirmisher (DsAK)                   Turns: 1428, Time: 00:06:47

Health: -1/39      AC:  8    Str: 13 (14) XL:     4   Next: 42%
Magic:  5/5        EV:  5    Int: 12 (13) God:    Lugonu [**....]
Gold:   112        SH:  2    Dex:  9 (12) Spells: 0 memorised, 3 levels left

rFire  + . .     SeeInvis .     a - +2 hand axe
rCold  + + .     Gourm    .     g - +1 ring mail {MR+}
rNeg   . . .     Faith    .     (no shield)
rPois  .         Spirit   .     (helmet restricted)
rElec  .         Dismiss  .     (no cloak)
rCorr  .         Reflect  .     (no gloves)
SustAt .         Harm     .     (no boots)
MR     +....                    (no amulet)
Stlth  ..........               (no ring)
                                k - ring of protection from fire

@: somewhat resistant to hostile enchantments, extremely unstealthy
A: horns 2, large bone plates 1, blurry vision 1, cold resistance 2
a: Depart the Abyss, Bend Space, Renounce Religion


You were on level 3 of the Dungeon.
You worshipped Lugonu.
Lugonu was pleased with you.
You were not hungry.

You visited 1 branch of the dungeon, and saw 3 of its levels.
You visited the Abyss 1 time.

You collected 112 gold pieces.

Inventory:

Hand Weapons
 a - a +2 hand axe (weapon)
Armour
 b - a +0 leather armour
 d - a +0 helmet
 f - a +0 scale mail
 g - a +1 ring mail of magic resistance (worn)
Jewellery
 k - a ring of protection from fire (left hand)
Scrolls
 l - a scroll of recharging
Potions
 e - 2 potions of lignification
Comestibles
 h - a slice of pizza
 i - a meat ration


   Skills:
 + Level 5.3 Fighting
 - Level 1.7 Axes
 - Level 1.7 Armour
 - Level 0.8 Dodging
 - Level 2.4 Invocations


You had 3 spell levels left.
You didn't know any spells.

Dungeon Overview and Level Annotations

Branches:
Dungeon (3/15)

Altars:

Annotations:
D:3 Robin


Innate Abilities, Weirdness & Mutations

You have a pair of horns on your head.
You are partially covered in large bone plates (AC +2, SH +2).
Scrolls take you a little longer to read.
Your flesh is very cold resistant.


Message History

The goblin shouts!
The hobgoblin shouts!
The goblin shouts! x2
Robin throws the goblin at you! The goblin hits you with a club.
A goblin comes into view.
Found 17 stones.
A hound comes into view.
The hound barks!
The hound bites you. The hound closely misses you.
The hound closely misses you. The hound bites you.
Robin throws the goblin at you! The hound bites you.
* * * LOW HITPOINT WARNING * * *
There is an escape hatch in the ceiling here.
The goblin no longer looks unusually strong. x2
The goblin hits you with a club.
* * * LOW HITPOINT WARNING * * *
The goblin hits you with a club.
* * * LOW HITPOINT WARNING * * *
The hound bites you.
You die...

....#...##.......#
..........))......# #
.........#...g.....#..
..........g†g.........
..........g.......###(
..........g.......#
.....#............#
...#...ggg........# #.
#..)..@hg........# .
.......####.......###
# .......
............####
....#.#
................ ...
.. ...##............
.. .#. ...
#............ . ..#
#........#)). ..
#........#...
#.#......#...


You could see a hound, Robin, 2 hobgoblins and 6 goblins.

Vanquished Creatures
  A hound (D:3)
  An adder (D:2)
  4 worms
  A dart slug (D:1)
  2 giant geckos (D:2)
  An orc (D:3)
  2 giant cockroaches (D:1)
  5 goblins
  8 hobgoblins
  A quokka (D:3)
  A ball python (D:2)
  3 bats
  3 giant newts
  5 kobolds
  7 rats
45 creatures vanquished.

Notes
Turn   | Place    | Note
--------------------------------------------------------------
     0 | Abyss:1  | tyranidshit the Demonspawn Abyssal Knight began the quest for the Orb.
     0 | Abyss:1  | Reached XP level 1. HP: 18/18 MP: 2/2
    40 | D:1      | Escaped the Abyss
   239 | D:1      | Gained mutation: You have a pair of small horns on your head. [demonic ancestry]
   239 | D:1      | Reached XP level 2. HP: 15/24 MP: 3/3
   780 | D:2      | Reached skill level 4 in Fighting
   797 | D:2      | Reached ** piety under Lugonu
   797 | D:2      | Gained mutation: You have a pair of horns on your head. [demonic ancestry]
   797 | D:2      | Reached XP level 3. HP: 27/30 MP: 4/4
  1291 | D:3      | Reached skill level 5 in Fighting
  1291 | D:3      | Gained mutation: You are partially covered in large bone plates (AC +2, SH +2). [demonic ancestry]
  1291 | D:3      | Reached XP level 4. HP: 19/39 MP: 5/5
  1400 | D:3      | Gained mutation: Scrolls take you a little longer to read. [potion of mutation]
  1400 | D:3      | Gained mutation: Your flesh is cold resistant. [potion of mutation]
  1400 | D:3      | Gained mutation: Your flesh is very cold resistant. [potion of mutation]
  1416 | D:3      | Noticed Robin
  1428 | D:3      | Slain by a hound

Skill      XL: |  1  2  3 |
---------------+----------+-----
Fighting       | 4 5 |  5.3
Axes           | |  1.7
Armour         | |  1.7
Dodging        | |  0.8
Invocations    | |  2.4

Action                   |  1- 3 |  4- 6 || total
-------------------------+-------+-------++-------
Melee: Hand axe          |   111 |    18 ||   129
       Headbutt          |    10 |     2 ||    12
  Use: Potion            |     6 |     2 ||     8
       Scroll            |     6 |       ||     6
  Eat: Bread ration      |     1 |       ||     1
Armor: Scale mail        |    22 |       ||    22
       Leather armour    |     1 |       ||     1
       Ring mail         |    14 |     6 ||    20
Dodge: Dodged            |    63 |    16 ||    79
Block: Other             |       |     3 ||     3
